 Dungeon Crawl Stone Soup version 0.28-a0-589-g333b8329f1 (webtiles) character file.

Game seed: 8454323359035244199

32 sanka the Chiller (level 2, -3/20 HPs)
             Began as a Demigod Ice Elementalist on Oct 3, 2021.
             Succumbed to an orc's poison
             ... on level 2 of the Dungeon.
             The game lasted 00:01:58 (1952 turns).

sanka the Chiller (Demigod Ice Elementalist)        Turns: 1952, Time: 00:01:59

Health: -3/20      AC:  2    Str:  9    XL:     2   Next: 93%
Magic:  7/7        EV: 12    Int: 17    God:
Gold:   66         SH:  0    Dex: 14    Spells: 4/5 levels left

rFire   . . .      SeeInvis .   (no weapon)
rCold   . . .      Faith    .   (no shield)
rNeg    . . .      Spirit   .   a - +0 robe
rPois   .          Reflect  .   (no helmet)
rElec   .          Harm     .   (no cloak)
rCorr   .          Rampage  .   (no gloves)
Will    .....                   (no boots)
Stlth   ++........              (no amulet)
HPRegen 0.06/turn               (no ring)
MPRegen 0.10/turn               (no ring)

@: lethally poisoned (-3 -> -15)
A: high mp 1, forlorn
a: no special abilities


You were on level 2 of the Dungeon.
You visited 1 branch of the dungeon, and saw 3 of its levels.

You collected 66 gold pieces.


Innate Abilities, Weirdness & Mutations

Your attributes grow dramatically as you level up.
You have an increased reservoir of magic. (+10% MP)
You shall have no god before yourself.


   Skills:
 - Level 1.7 Dodging
 - Level 1.7 Stealth
 - Level 2.0 Spellcasting
 + Level 4.4 Ice Magic


You had 4 spell levels left.
You knew the following spells:

 Your Spells              Type           Power      Damage    Failure   Level
z - Freeze                Ice            64%        1d8       3%          1

Your spell library contained the following spells:

 Spells                   Type           Power      Damage    Failure   Level
 Frozen Ramparts          Ice            32%        1d5       10%         3
 Ozocubu's Armour         Ice            16%        N/A       10%         3
 Hailstorm                Conj/Ice       9%         3d4       61%         4

Inventory:

Armour
 a - a +0 robe (worn)
Scrolls
 c - 2 scrolls of enchant armour {unknown}
 d - a scroll of immolation {unknown}
 e - a scroll of identify {unknown}
 g - a scroll of fog {unknown}
 h - a scroll of fear {unknown}
Potions
 b - a potion of lignification {unknown}
 f - a potion of flight {unknown}

Dungeon Overview and Level Annotations

Branches:
Dungeon (3/15)

Shops:
D:1

: ▒..▒▒▒▒▒▒▒▒▒..▒ ▒..▒
▒▒▒▒▒▒..▒▒▒▒▒▒▒▒▒..▒ ▒..▒▒ ▒▒▒▒
▒..............▒▒..▒▒▒...▒ ▒...
▒.▒▒▒▒...................▒▒▒▒.▒▒
▒.▒.......▒▒▒▒<▒▒▒▒▒▒▒▒.......▒
▒▒.▒.▒▒▒▒▒.▒▒ ▒.▒▒▒▒▒▒▒▒..▒▒▒▒▒▒
▒...>▒ ▒..▒ ▒.▒.....▒▒..▒ ▒..▒.▒
▒..▒▒▒..o....▒▒..▒ ▒..▒.▒
▒......p.▒.......▒
▒..▒.▒▒▒▒▒..▒▒▒▒▒.▒...▒...▒▒
...▒........▒▒ ▒▒.....▒....▒▒▒▒▒▒
.....▒...▒...▒▒▒)....▒▒...▒......
...▒▒▒▒▒...▒...............▒▒▒▒▒▒
.....▒...▒...▒.▒...▒.▒▒..........
▒.▒▒.▒..▒▒▒.▒▒.▒▒▒▒.▒.▒.▒▒.▒▒▒▒▒▒
▒.▒▒....▒ ▒.▒▒.▒▒▒.▒▒▒..▒...▒▒
.....▒▒.▒▒▒.▒▒....▒▒ ▒▒...<..▒▒▒▒


You could see an orc.


Message History

The rat bites you.
There is a stone staircase leading up here.
Unknown command.
The orc hits you with a +0 whip. The rat bites you.
You climb upwards.
There is a stone staircase leading down here.
Unknown command.
You freeze the orc!
You kill the orc!
The rat closely misses you.
You freeze the rat.
You kill the rat!
You can't see any susceptible monsters within range! (Use Z to cast anyway.)
You start resting.
Magic restored.
HP restored.
You climb downwards.
The orc closely misses you.
The orc hits you with a +2 dagger of venom.
You are poisoned.
There is a stone staircase leading up here.
You feel very sick.
The orc priest calls down the wrath of Beogh upon you.
Beogh smites you!
Ouch! That really hurt!
* * * LOW HITPOINT WARNING * * *
The orc barely misses you.
You climb upwards.
You die...

Action                   || total
-------------------------++-------
Melee: Unarmed           ||     6
 Cast: Freeze            ||    39
Armor: Robe              ||     3
Dodge: Dodged            ||    16

Levels and vault maps discovered:
D:1:      tarquinn_simple_flora_water_b, layout_rooms, serial_shops, shop,
          nrook_campfire
D:2:      layout_loops_ring, basic_altar, dreamdust_ecumenical_altar_statues
D:3:      layout_basic, ebering_ghost_reflecting_pool

Notes
Turn   | Place    | Note
-------+----------+-------------------------------------------
     0 | D:1      | sanka the Demigod Ice Elementalist began the quest for the
                  | Orb.
     0 | D:1      | Reached XP level 1. HP: 14/14 MP: 5/5
    60 | D:1      | Found Qoxzupniv's Book Boutique.
   202 | D:1      | Reached skill level 2 in Spellcasting
   610 | D:2      | Reached skill level 4 in Ice Magic
   610 | D:2      | Reached XP level 2. HP: 20/20 MP: 5/7
  1951 | D:3      | HP: 1/20 [orc priest/divine providence (12)]
  1952 | D:2      | Succumbed to an orc's poison

Vanquished Creatures
  A worm (D:2)
  A dart slug (D:2)
  An orc (D:2)
  4 endoplasms
  2 goblins (D:2)
  2 hobgoblins (D:1)
  3 kobolds
  3 quokkas
  4 bats
  A frilled lizard (D:2)
  A rat (D:2)
23 creatures vanquished.
